 Dungeon Crawl Stone Soup version 0.27.1-33-g824d729ab1 (webtiles) character file.

Game seed: 7885631361060399130

1316 belegose the Thaumaturge (level 8, 0/62 HPs)
             Began as a Demonspawn Chaos Knight on Dec 29, 2021.
             Was a Plaything of Xom.
             Slain by a quasit (1 damage)
             ... summoned by Xom
             ... on level 4 of the Dungeon.
             The game lasted 00:15:10 (4683 turns).

belegose the Thaumaturge (Demonspawn Chaos Knight)  Turns: 4683, Time: 00:15:11

Health: 0/62       AC:  7    Str: 14      XL:     8   Next: 33%
Magic:  23/23      EV: 16    Int: 15      God:    Xom [......]
Gold:   190        SH:  0    Dex: 11 (12) Spells: 24/29 levels left

rFire    . . .     SeeInvis .   a - +0 falchion (chaos)
rCold    + . .     Faith    .   (no shield)
rNeg     . . .     Spirit   .   b - +2 leather armour
rPois    .         Reflect  .   (no helmet)
rElec    .         Harm     .   (no cloak)
rCorr    .         Rampage  .   h - +0 pair of gloves
Will     .....                  (no boots)
Stlth    +.........             l - amulet of regeneration
HPRegen  1.20/turn              B - ring of wizardry
MPRegen  0.18/turn              d - ring of protection from cold

@: mighty, agile, lethally poisoned (0 -> -18), hasted and slowed
A: talons 2, rugged brown scales 1, powered by pain 1
a: Renounce Religion


You were on level 4 of the Dungeon.
You worshipped Xom.
You were a very special plaything of Xom.
You visited 2 branches of the dungeon, and saw 7 of its levels.

You collected 190 gold pieces.

Inventory:

Hand Weapons
 a - a +0 falchion of chaos (weapon)
 p - a +0 war axe
Missiles
 c - 48 sling bullets
 j - 151 stones
 k - 6 boomerangs
 u - 21 poisoned darts (quivered)
Armour
 b - a +2 leather armour (worn)
 h - a +0 pair of gloves (worn)
 x - a +0 pair of boots
Jewellery
 d - a ring of protection from cold (right hand)
 f - a ring of magical power
 l - an amulet of regeneration (around neck)
 B - a ring of wizardry (left hand)
Scrolls
 i - a scroll of immolation {unknown}
 o - a scroll of amnesia
 q - a scroll of fog {unknown}
 s - 2 scrolls of magic mapping {unknown}
 t - a scroll of fear {unknown}
 v - a scroll of enchant armour {unknown}
 w - a scroll of teleportation {unknown}
 y - 2 scrolls of blinking {unknown}
 C - 2 scrolls of enchant weapon {unknown}
Potions
 g - a potion of mutation {unknown}
 m - a potion of haste
 r - 2 potions of lignification
 A - a potion of attraction {unknown}
 D - 2 potions of resistance {unknown}


   Skills:
 - Level 4.5 Fighting
 - Level 4.1 Long Blades
 - Level 1.8 Throwing
 - Level 3.5 Armour
 - Level 2.2 Dodging
 - Level 11.1 Spellcasting
 + Level 2.0 Hexes
 + Level 2.0 Summonings


You had 24 spell levels left.
You knew the following spells:

 Your Spells              Type           Power      Damage    Failure   Level
a - Summon Mana Viper     Hex/Summ       14%        N/A       45%         5

Your spell library contained the following spells:

 Spells                   Type           Power      Damage    Failure   Level
 Summon Ice Beast         Ice/Summ       11%        N/A       26%         4
 Monstrous Menagerie      Summ           7%         N/A       100%        7


Dungeon Overview and Level Annotations

Branches:
Dungeon (6/15)             Temple (1/1) D:5

Altars:
Kikubaaqudgha
Zin

Shops:
D:4 *


Innate Abilities, Weirdness & Mutations

You have razor-sharp toenails.
You are partially covered in rugged brown scales. (AC +1, +3% HP)
You sometimes gain a little power by taking damage.


Message History

There is a stone staircase leading up here.
Really quaff the potion of lignification?
Really become a tree while standing in a cloud of foul pestilence?
Okay, then.
You are more confused.
You feel invigorated.
You are engulfed in dark miasma.
You are more poisoned.
* * * LOW HITPOINT WARNING * * *
You focus on the pain.
You feel mightier all of a sudden.
You feel extremely sick. The death drake barely misses you.
The crimson imp closely misses you.
You feel better.
You are engulfed in dark miasma.
You are poisoned.
You feel yourself slow down.
You feel less invigorated.
You feel very sick. The death drake misses you.
Unknown command.
Okay, then.
Casting: Summon Mana Viper (quite dangerous; 45% risk of failure)
Confirm with . or Enter, or press ? or * to list all spells.
Okay, then.
You are engulfed in dark miasma.
You are lethally poisoned!
* * * LOW HITPOINT WARNING * * *
You feel extremely sick. The death drake misses you.
The crimson imp hits you but does no damage.
You climb upwards.
* * * LOW HITPOINT WARNING * * *
You focus on the pain.
You feel more agile all of a sudden.
You feel extremely sick.
The quasit bites you but does no damage.
The quasit claws you but does no damage.
The quasit closely misses you.
The chaos spawn hits you but does no damage.
The quasit bites you.
You die...
Xom snickers!

######### #####
#54(....######....
#######@...3............
#####.....k.#####.######....
#..........5#####.######....
#...........)...............
#...........###.#.##########
#...........# #.#.#####
#..........## #.......##
#######....# ######...#
#....# #...#####


You could see a death drake shaped shifter, a soul eater (summoned), a chaos
spawn (summoned), a quasit (summoned) and an ufetubus (summoned).

Vanquished Creatures
  Eustachio (D:5)
  An ogre (D:5)
  2 phantoms (D:5)
  A scorpion (D:4)
  2 hounds (D:5)
  4 orc priests
  3 iguanas
  3 orc wizards
  2 gnolls
  5 adders
  A white imp (D:5)
  An ufetubus (D:4)
  5 dart slugs
  14 orcs
  7 ball pythons
  5 endoplasms
  2 giant cockroaches
  5 goblins
  6 hobgoblins
  6 jackals
  8 quokkas
  A bat (D:2)
  2 frilled lizards
  5 kobolds
  6 rats
98 creatures vanquished.

Vanquished Creatures (others)
  An orc wizard (D:5)
  An orc (D:5)
  31 plants (D:2)
33 creatures vanquished.

Grand Total: 131 creatures vanquished

Notes
Turn   | Place    | Note
-------+----------+-------------------------------------------
     0 | D:1      | belegose the Demonspawn Chaos Knight began the quest for
                  | the Orb.
     0 | D:1      | Reached XP level 1. HP: 18/18 MP: 1/1
    96 | D:1      | XOM: silly message
   127 | D:1      | Reached skill level 1 in Dodging
   241 | D:1      | XOM: potion effect (haste)
   260 | D:1      | Gained mutation: You are partially covered in rugged brown
                  | scales. (AC +1, +3% HP) [demonic ancestry]
   260 | D:1      | Reached XP level 2. HP: 13/24 MP: 2/2
   754 | D:1      | XOM: silly message
   908 | D:1      | Found a faded altar of an unknown god.
  1238 | D:2      | XOM: silly message
  1370 | D:2      | XOM: silly message
  1418 | D:2      | Reached XP level 3. HP: 18/29 MP: 3/3
  1421 | D:2      | XOM: silly message
  1495 | D:2      | XOM: silly message
  1828 | D:2      | Found an ancient bone altar of Kikubaaqudgha.
  1958 | D:2      | XOM: butterfly on damage
  1959 | D:2      | Noticed a shapeshifter
  1959 | D:2      | Noticed a wind drake
  1959 | D:2      | a shapeshifter changed into a wind drake
  1964 | D:2      | Noticed a salamander
  1964 | D:2      | a wind drake changed into a salamander
  1967 | D:2      | Noticed a wind drake
  1967 | D:2      | a salamander changed into a wind drake
  1988 | D:2      | Noticed a queen bee
  2009 | D:2      | XOM: silly message
  2010 | D:2      | Noticed a spriggan
  2010 | D:2      | a queen bee changed into a spriggan
  2042 | D:3      | XOM: divination: detect items
  2045 | D:3      | XOM: potion effect (curing)
  2064 | D:3      | Gained mutation: You have sharp toenails. [demonic
                  | ancestry]
  2064 | D:3      | Reached XP level 4. HP: 36/36 MP: 4/4
  2180 | D:3      | XOM: divination: detect creatures
  2573 | D:3      | XOM: silly message
  2910 | D:4      | Found Ihenokk's Neck Hole.
  2970 | D:4      | Reached XP level 5. HP: 43/43 MP: 5/5
  3138 | D:4      | Reached skill level 1 in Throwing
  3243 | D:4      | Gained mutation: You have razor-sharp toenails. [demonic
                  | ancestry]
  3243 | D:4      | Reached XP level 6. HP: 49/49 MP: 6/6
  3498 | D:5      | Entered Level 5 of the Dungeon
  3677 | D:5      | XOM: polymorph iguana -> river rat
  3683 | D:5      | XOM: polymorph river rat -> ball python
  3693 | D:5      | XOM: potion effect (experience)
  3693 | D:5      | Reached skill level 11 in Spellcasting
  3693 | D:5      | Reached XP level 7. HP: 56/56 MP: 6/21
  3725 | D:4      | Learned a level 5 spell: Summon Mana Viper
  4023 | D:5      | Found a staircase to the Ecumenical Temple.
  4032 | Temple   | Entered the Ecumenical Temple
  4229 | D:5      | XOM: noise
  4339 | D:5      | Reached skill level 1 in Hexes
  4339 | D:5      | Reached skill level 1 in Summonings
  4339 | D:5      | Gained mutation: You sometimes gain a little power by
                  | taking damage. [demonic ancestry]
  4339 | D:5      | Reached XP level 8. HP: 59/62 MP: 23/23
  4495 | D:6      | Noticed Eustachio
  4511 | D:5      | XOM: repel stairs
  4515 | D:5      | Killed Eustachio
  4637 | D:5      | Noticed a shapeshifter
  4637 | D:5      | an orc changed into a shapeshifter
  4637 | D:5      | Noticed a fire crab
  4637 | D:5      | a shapeshifter changed into a fire crab
  4661 | D:5      | XOM: summons 1 hostile demon
  4661 | D:5      | Noticed a yaktaur
  4661 | D:5      | a fire crab changed into a yaktaur
  4669 | D:4      | XOM: summons 5 hostile demons
  4670 | D:4      | Noticed a soul eater
  4676 | D:5      | Noticed a death drake
  4676 | D:5      | a yaktaur changed into a death drake
  4679 | D:5      | XOM: confusion
  4683 | D:4      | HP: 1/62 [poisoned by a death drake (dark miasma)]
  4683 | D:4      | Slain by a quasit

Illustrated notes

Levels and vault maps discovered:
D:1:      dpeg_arrival_arbitrary_c, layout_rooms,
          shapermc_ecumenical_altar_mp_vishouse, nrook_uturn,
          lemuel_old_faithful
D:2:      wad_woods_tower, layout_basic, basic_altar, minivault_14,
          minmay_tromino_i4
D:3:      layout_loops_ring, zin_statuary, minmay_misc_feat_cross
D:4:      layout_basic, minmay_misc_feat_square, serial_bayou_pond_b,
          nicolae_shop_sticking_my_neck_out
D:5:      layout_loops_ring, minmay_temple_entry_fiery
D:6:      layout_cave_pools, uniq_eustachio, uniq_edmund
Temple:   compressed_dpeg_circular_temple

Skill      XL: |  1  2  3  4  5  6  7  8 |
---------------+-------------------------+-----
Dodging        | 1 2 |  2.2
Armour         | 2 3 |  3.5
Long Blades    | 3 4 |  4.1
Fighting       | 4 |  4.5
Throwing       | 1 |  1.8
Spellcasting   | 11 | 11.1
Hexes          | 1 2 |  2.0
Summonings     | 1 2 |  2.0

Action                   |  1- 3 |  4- 6 |  7- 9 || total
-------------------------+-------+-------+-------++-------
Melee: Falchion          |   115 |   140 |    87 ||   342
       Kick              |       |    38 |    36 ||    74
Throw: Dart              |       |     3 |     5 ||     8
  Use: Scroll            |       |     7 |       ||     7
       Potion            |       |       |     4 ||     4
 Stab: Sleeping          |       |       |     1 ||     1
Armor: Leather armour    |    35 |    59 |    45 ||   139
Dodge: Dodged            |    76 |    75 |    70 ||   221
       Rpst.: Falchion   |    32 |    17 |    16 ||    65
